 Dungeon Crawl Stone Soup version 0.29-a0-270-g1586fc07ea (webtiles) character file.

Game seed: 17281931017084050982

481 siradein the Grave Robber (level 6, -4/47 HPs)
             Began as a Vampire Necromancer on Mar 7, 2022.
             Slain by a phantom (5 damage)
             ... on level 4 of the Dungeon.
             The game lasted 00:14:22 (4130 turns).

siradein the Grave Robber (Vampire Necromancer)     Turns: 4130, Time: 00:14:22

Health: -4/47      AC:  3    Str:  7    XL:     6   Next: 87%
Magic:  11/11      EV: 17    Int: 20    God:
Gold:   231        SH:  0    Dex: 14    Spells: 4/12 levels left

rFire   . . .      SeeInvis +   q - +0 spear
rCold   . . .      Faith    .   (no shield)
rNeg    . . .      Spirit   .   g - +0 leather armour
rPois   .          Reflect  .   (no helmet)
rElec   .          Harm     .   (no cloak)
rCorr   .          Rampage  .   (no gloves)
Will    .....                   (no boots)
Stlth   ++........              (no amulet)
HPRegen 0.35/turn               a - +4 ring of evasion
MPRegen 0.12/turn               (no ring)

@: brilliant, attractive, healing quickly
A: alive, fangs 3, see invisible, vampiric 2
a: Exsanguinate


You were on level 4 of the Dungeon.
You visited 1 branch of the dungeon, and saw 5 of its levels.

You collected 231 gold pieces.

Inventory:

Hand Weapons
 e - a +2 dagger of draining
 q - a +0 spear (weapon)
Missiles
 c - a throwing net
Armour
 g - a +0 leather armour (worn)
Jewellery
 a - a +4 ring of evasion (left hand)
Scrolls
 d - 4 scrolls of identify {unknown}
 f - 3 scrolls of fear {unknown}
 i - a scroll of teleportation {unknown}
 m - a scroll of immolation {unknown}
 n - a scroll of noise {unknown}
 o - a scroll of enchant weapon {unknown}
 p - a scroll of fog {unknown}
Potions
 b - a potion of magic
 j - a potion of attraction


   Skills:
 + Level 3.0 Fighting
 + Level 4.4 Dodging
 - Level 3.0 Stealth
 + Level 3.7 Spellcasting
 + Level 5.9 Necromancy


You had 4 spell levels left.
You knew the following spells:

 Your Spells              Type           Power      Damage    Failure   Level
a - Pain                  Necr           100%       1d9       1%          1
b - Vampiric Draining     Necr           41%        2d8       4%          3
c - Animate Dead          Necr           20%        N/A       17%         4

Your spell library contained the following spells:

 Spells                   Type           Power      Damage    Failure   Level
 Animate Skeleton         Necr           82%        N/A       1%          1
 Magic Dart               Conj           20%        1d4       21%         1
 Call Imp                 Summ           5%         N/A       30%         2
 Mephitic Cloud           Conj/Pois/Air  5%         N/A       52%         3
 Agony                    Necr           41%        N/A       43%         5


Dungeon Overview and Level Annotations

Branches:
Dungeon (5/15)
 Temple: D:4-7

Altars:
Beogh

Annotations:
D:3 3 runed translucent doors, fragbeetle's ghost, amateur VSFi
D:4 2 transporters, Grinder; spaghetti's ghost, weakling DsCK


Innate Abilities, Weirdness & Mutations

Your natural rate of healing is accelerated.
You have razor-sharp teeth.
You have supernaturally acute eyesight. (SInv)
You are afflicted with vampirism and can become a bat while bloodless.


Message History

The phantom is severely damaged.
The phantom completely misses you.
You hit the phantom but do no damage.
The phantom is severely damaged.
The phantom barely misses you.
You hit the phantom but do no damage.
The phantom is severely damaged.
The phantom hits you but does no damage.
You hit the phantom.
The phantom is severely damaged.
The phantom barely misses you.
You hit the phantom.
The phantom is severely damaged.
The phantom hits you but does no damage.
You hit the phantom but do no damage.
The phantom is severely damaged.
The phantom misses you.
You completely miss the phantom.
The phantom is severely damaged.
The phantom closely misses you.
You hit the phantom but do no damage.
The phantom is severely damaged.
The phantom barely misses you. The phantom hits you!
* * * LOW HITPOINT WARNING * * *
The phantom blinks!
You blink.
You closely miss the phantom.
The phantom is severely damaged.
The phantom hits you!
* * * LOW HITPOINT WARNING * * *
The phantom blinks!
You blink.
You closely miss the phantom. Your bite misses the phantom.
The phantom is severely damaged.
The phantom closely misses you.
You closely miss the phantom.
The phantom is severely damaged.
The phantom hits you.
* * * LOW HITPOINT WARNING * * *
The phantom blinks!
You blink.
The phantom attacks as you move away! The phantom hits you.
You die...

#########............# ##
.(:W....##.#######.### ##.
.#.#..#!##.# #...# #.♣
#...##..##.# #.).# #.#
#... #..##.### #...# #.#
#. .#.#....# #...# ####.#
...©####.# #...# #..#.#
######.####...######..#.#
##...#..W@............##.♣
#..[..§................##.
#....#..................##
#..§....####...######.##.#
#§.###### #...# #.....
#..# #...# ####.# #..#
#...# #.. #..# #...# ##..
...# #...# ######...


You could see a phantom.

Vanquished Creatures
  A water moccasin (D:4)
  A sky beast (D:4)
  A centaur (D:5)
  A jelly (D:4)
  An iguana (D:4)
  4 gnolls
  3 adders
  An ufetubus (D:4)
  3 worms
  3 dart slugs
  9 orcs
  5 bats
  6 endoplasms
  A giant cockroach (D:1)
  8 hobgoblins
  A quokka (D:1)
  6 ball pythons
  3 frilled lizards (D:2)
  6 goblins
  4 kobolds
  4 rats
72 creatures vanquished.

Notes
Turn   | Place    | Note
-------+----------+-------------------------------------------
     0 | D:1      | siradein the Vampire Necromancer began the quest for the
                  | Orb.
     0 | D:1      | Reached XP level 1. HP: 13/13 MP: 3/3
    21 | D:1      | Found a faded altar of an unknown god.
   351 | D:1      | Reached XP level 2. HP: 17/20 MP: 0/5
  1223 | D:2      | Reached skill level 1 in Fighting
  1291 | D:2      | Gained mutation: You are afflicted with vampirism and can
                  | become a bat while bloodless. [Vampire growth]
  1291 | D:2      | Reached XP level 3. HP: 25/26 MP: 4/6
  1605 | D:2      | Learned a level 3 spell: Vampiric Draining
  2171 | D:3      | Reached XP level 4. HP: 30/32 MP: 4/7
  2176 | D:3      | Learned a level 4 spell: Animate Dead
  2345 | D:3      | Reached skill level 5 in Necromancy
  2514 | D:3      | Found a runed translucent gate.
  2515 | D:3      | Found a runed translucent gate.
  2516 | D:3      | Noticed fragbeetle's ghost (amateur VSFi)
  2517 | D:3      | Found a runed translucent gate.
  2520 | D:3      | Identified the +1 scale mail of the Jackalope {Slay+2}
  3082 | D:4      | Reached XP level 5. HP: 36/38 MP: 5/9
  3216 | D:4      | Found a transporter.
  3216 | D:4      | Noticed spaghetti's ghost (weakling DsCK)
  3219 | D:4      | Found a transporter.
  3562 | D:4      | Noticed a water moccasin
  3570 | D:4      | Killed a water moccasin
  3571 | D:4      | Reached XP level 6. HP: 31/46 MP: 0/11
  3698 | D:4      | Noticed a sky beast
  3702 | D:4      | Killed a sky beast
  3789 | D:4      | Noticed Grinder
  3839 | D:5      | Entered Level 5 of the Dungeon
  4085 | D:4      | HP: 2/47 [phantom (7)]
  4129 | D:4      | HP: 1/47 [phantom (3)]
  4130 | D:4      | Slain by a phantom

Illustrated notes

Levels and vault maps discovered:
D:1:      lemuel_arrival_broad_hall, layout_rooms, basic_ecumenical_altar,
          roderic_serpentine_path
D:2:      layout_loops_cross, chequers_serial_rivers_small_a
D:3:      layout_loops_ring, biasface_ghost_orc_armoury, kennysheep_potato
D:4:      layout_loops_cross, gammafunk_ghost_smash,
          hangedman_abyss_or_decor_stagger, grunt_ministairs_11, uniq_grinder
D:5:      layout_loops_ring, grunt_temple_overflow_diamond

Skill      XL: |  1  2  3  4  5  6 |
---------------+-------------------+-----
Fighting       | 1 2 3 |  3.0
Dodging        | 3 4 |  4.4
Necromancy     | 5 |  5.9
Spellcasting   | 3 |  3.7
Stealth        | |  3.0

Action                   |  1- 3 |  4- 6 || total
-------------------------+-------+-------++-------
Melee: Unarmed           |     2 |       ||     2
       Dagger            |    38 |    66 ||   104
       Short sword       |    15 |       ||    15
       Bite              |     5 |    12 ||    17
       Spear             |       |    38 ||    38
       Punch             |       |     1 ||     1
 Cast: Pain              |    72 |    27 ||    99
       Vampiric Draining |       |    12 ||    12
  Use: Potion            |       |     5 ||     5
 Stab: Sleeping          |     1 |     3 ||     4
       Distracted        |       |     1 ||     1
Armor: Robe              |     4 |       ||     4
       Leather armour    |     4 |    20 ||    24
Dodge: Dodged            |    41 |   134 ||   175

Table legend: (Time is in decaauts)
 A = Elapsed time spent in this place.
 B = Non-inter-level travel time spent in this place.
 C = Inter-level travel time spent in this place.
 D = Time resting spent in this place.
 E = Time spent auto-exploring this place.
 F = Levels seen in this place.
 G = Mean time per level.
                   A        B        C        D        E       F      G
               +--------+--------+--------+--------+--------+-----+--------+
         Total |   4136 |   4048 |     88 |     76 |   3047 |   5 |  827.2 |
       Dungeon |   4136 |   4048 |     88 |     76 |   3047 |   5 |  827.2 |
               +--------+--------+--------+--------+--------+-----+--------+

Top non-repeatable levels by time:
     D:2: 1165 daAuts
     D:3: 1038 daAuts
     D:4: 917 daAuts
     D:1: 856 daAuts
     D:5: 157 daAuts
